 Dungeon Crawl Stone Soup version 0.32-a0-768-g0f6f1dd4b9 (webtiles) character file.

Game seed: 3975155348044929489

35 ezpacito the Trooper (level 3, -3/29 HPs)
             Began as a Coglin Chaos Knight on Mar 18, 2024.
             Was a Plaything of Xom.
             Slain by a gnoll
             ... wielding a +0 flail
              (4 damage)
             ... on level 2 of the Dungeon.
             The game lasted 00:02:04 (1310 turns).

ezpacito the Trooper (Coglin Chaos Knight)          Turns: 1310, Time: 00:02:05

Health: -3/29      AC: 10    Str: 13    XL:     3   Next: 35%
Magic:  3/3        EV: 10    Int: 10    God:    Xom [.*....]
Gold:   106        SH:  0    Dex: 17    Spells: 2/2 levels left

rFire   . . .        a - +0 hand axe (chaos) {Yongsun}
rCold   . . .        g - +0 dagger {Rana}
rNeg    . . .        b - +2 leather armour
rPois   .            k - +0 helmet
rElec   .            o - +0 cloak
rCorr   .            (no gloves)
SInv    .            m - +0 pair of boots
Will    .....        (amulet unavailable)
Stlth   +            (ring unavailable)
HPRegen 0.24/turn    (ring unavailable)
MPRegen 0.08/turn    (no gizmo)

%: no passive effects
@: revved
A: off-hand wielding, slow wielding, warmup strikes, no jewellery, iridescent
scales 1, agile 1, wild magic 1, noise suppression
a: Invent Gizmo, Renounce Religion


You were on level 2 of the Dungeon.
You worshipped Xom.
You were a plaything of Xom.
You visited 1 branch of the dungeon, and saw 3 of its levels.

You collected 106 gold pieces.

Inventory:

Hand Weapons
 a - a +0 hand axe of chaos (weapon) {Yongsun}
 g - a +0 dagger (offhand) {Rana}
Armour
 b - a +2 leather armour (worn)
 k - a +0 helmet (worn)
 m - a +0 pair of boots (worn)
 o - a +0 cloak (worn)
Magical Staves
 p - a staff of air
 r - a staff of earth
Talismans
 l - a maw talisman
Scrolls
 c - a scroll of butterflies
 f - 2 scrolls of revelation {unknown}
 j - a scroll of poison {unknown}
 n - 2 scrolls of teleportation {unknown}
Potions
 d - 2 potions of might
 e - a potion of mutation {unknown}
 h - 2 potions of haste
 q - 3 potions of curing


   Skills:
 * Level 3.3 Fighting
 * Level 3.2(3.3) Axes
 + Level 0.2(1.8) Polearms
 * Level 2.1 Armour
 * Level 1.4 Dodging
 + Level 0.4 Stealth
 + Level 0.1 Spellcasting


You had 2 spell levels left.
You didn't know any spells.
Your spell library was empty.

Dungeon Overview and Level Annotations

Branches:
Dungeon (3/15)

Altars:


Innate Abilities, Weirdness & Mutations

You can wield a second weapon in your off-hand.
It takes a long time for you to wield or remove held weapons.
Your first few attacks do less damage.
You cannot equip rings or amulets.
You are partially covered in iridescent scales. (AC +2)
You are agile. (Dex +4, Str/Int -1)
Your spells are a little harder to cast, but a little more powerful.
You passively dampen the noise of your surroundings.


Message History

You see here 12 gold pieces.
You take 1 damage, and have 15/29 hp.
The gnoll throws a throwing net.
The throwing net misses you. The gnoll hits you with a +0 flail.
You take 1 damage, and have 14/29 hp.
The kobold throws a stone.
The stone barely misses you. The gnoll attacks as it pursues you!
The gnoll closely misses you. The gnoll attacks as it pursues you!
The gnoll hits you with a +0 flail.
There is a stone staircase leading up here.
You take 3 damage, and have 12/29 hp.
The gnoll barely misses you.
You climb upwards.
There is a stone staircase leading down here.
You closely miss the gnoll with your +0 hand axe of chaos.
The gnoll is almost dead.
You completely miss the gnoll with your +0 dagger.
The gnoll closely misses you.
You barely miss the gnoll with your +0 dagger.
The gnoll is almost dead.
You hit the gnoll with your +0 hand axe of chaos.
The gnoll hits you with a +0 flail.
You take 3 damage, and have 10/29 hp.
You hit the gnoll but do no damage.
The gnoll is almost dead.
You closely miss the gnoll with your +0 hand axe of chaos.
The gnoll completely misses you.
You hit the gnoll but do no damage.
The gnoll is almost dead.
You barely miss the gnoll with your +0 hand axe of chaos.
The gnoll hits you but does no damage.
You closely miss the gnoll with your +0 dagger.
The gnoll is almost dead.
You hit the gnoll but do no damage. The gnoll hits you with a +0 flail!
* * * LOW HITPOINT WARNING * * *
You take 10 damage, and have 1/29 hp.
MASSIVE DAMAGE!!
You completely miss the gnoll with your +0 hand axe of chaos.
The gnoll is almost dead.
You closely miss the gnoll with your +0 dagger.
The gnoll hits you with a +0 flail.
You die...

#.# ##..#......#
#.###..........#
##.#...##########
###......# ############
.......### #..........#
......######..........#
......................#
....########..........#
.#### #...g@.....# .#
############
.#############
.....<.......#
#####."......#
#........#
#####........#
.............#
#####........#


You could see a gnoll (resistant).

Vanquished Creatures
  A dart slug (D:1)
  3 endoplasms
  5 goblins
  3 hobgoblins (D:1)
  3 quokkas
  4 bats
  4 frilled lizards (D:1)
  4 kobolds
  5 rats (D:1)
32 creatures vanquished.

Notes
Turn   | Place    | Note
-------+----------+-------------------------------------------
     0 | D:1      | ezpacito the Coglin Chaos Knight began the quest for the
                  | Orb.
     0 | D:1      | Reached XP level 1. HP: 18/18 MP: 1/1
     3 | D:1      | XOM: divination: detect items
    53 | D:1      | XOM: silly message
   119 | D:1      | XOM: give mutations
   119 | D:1      | Gained mutation: Your muscles are strong. (Str +4, Int/Dex
                  | -1) [Xom's mischief]
   119 | D:1      | Lost mutation: Your muscles are strong. (Str +4, Int/Dex
                  | -1) [Xom's mischief]
   119 | D:1      | Gained mutation: You are agile. (Dex +4, Str/Int -1) [Xom's
                  | mischief]
   119 | D:1      | Gained mutation: Your spells are a little harder to cast,
                  | but a little more powerful. [Xom's mischief]
   130 | D:1      | Reached skill level 1 in Dodging
   132 | D:1      | Reached XP level 2. HP: 24/24 MP: 2/2
   221 | D:1      | Identified the amulet "Ciqifa Neott" {Fly RegenMP+ Dex+2
                  | Stlth+} (Xom gifted it to you on level 1 of the Dungeon)
   221 | D:1      | XOM: god gift: amulet "Ciqifa Neott" {Fly RegenMP+ Dex+2
                  | Stlth+}
   307 | D:1      | Reached XP level 3. HP: 24/29 MP: 3/3
   359 | D:1      | XOM: give mutations
   359 | D:1      | Gained mutation: You passively dampen the noise of your
                  | surroundings. [Xom's grace]
   359 | D:1      | Gained mutation: You are partially covered in iridescent
                  | scales. (AC +2) [Xom's grace]
   402 | D:1      | XOM: scenery: summon butterflies
   743 | D:1      | XOM: god gift: amethyst potion {god gift}
  1020 | D:2      | XOM is BORED!
  1309 | D:2      | HP: 1/29 [gnoll/+0 flail (10)]
  1310 | D:2      | Slain by a gnoll

Illustrated notes

Levels and vault maps discovered:
D:1:      dpeg_arrival_circle_labyrinth_a, layout_rooms
D:2:      layout_rooms
D:3:      layout_loops_ring

Skill      XL: |  1  2 |
---------------+-------+-----
Dodging        | 1 |  1.4
Armour         | 2 |  2.1
Fighting       | |  3.3
Axes           | |  3.2
Polearms       | |  0.2
Stealth        | |  0.4
Spellcasting   | |  0.1

Action                     || total
---------------------------++-------
  Melee: Dagger            ||    54
         Hand axe          ||    58
    Use: Scroll            ||     3
 Armour: Leather armour    ||    33
  Dodge: Dodged            ||    35

Table legend: (Time is in decaauts)
 A = Elapsed time spent in this place.
 B = Non-inter-level travel time spent in this place.
 C = Inter-level travel time spent in this place.
 D = Time resting spent in this place.
 E = Time spent auto-exploring this place.
 F = Levels seen in this place.
 G = Mean time per level.
                   A        B        C        D        E       F      G
               +--------+--------+--------+--------+--------+-----+--------+
         Total |   1314 |   1166 |    148 |      0 |    965 |   3 |  438.0 |
       Dungeon |   1314 |   1166 |    148 |      0 |    965 |   3 |  438.0 |
               +--------+--------+--------+--------+--------+-----+--------+

Top non-repeatable levels by time:
     D:1: 780 daAuts
     D:2: 512 daAuts
     D:3: 20 daAuts
